 Dungeon Crawl Stone Soup version 0.20-a0-1018-ge435b50 (webtiles) character file.

253 kuniqs the Ducker (level 6, -1/48 HPs)
             Began as a Merfolk Gladiator on Apr 17, 2017.
             Slain by an orc priest (4 damage)
             ... on level 3 of the Dungeon.
             The game lasted 00:03:51 (2383 turns).

kuniqs the Ducker (Merfolk Gladiator)               Turns: 2383, Time: 00:03:52

Health: -1/48      AC:  9    Str: 14    XL:     6   Next: 14%
Magic:  6/6        EV: 14    Int:  7    God:
Gold:   167        SH:  0    Dex: 18    Spells: 5/5 levels left

rFire    . . .     SeeInvis .   a - +0 long sword
rCold    . . .     Gourm    .   (no shield)
rNeg     . . .     Faith    .   n - +0 ring mail {rPois}
rPois    +         Spirit   .   c - +0 helmet
rElec    .         Reflect  .   (no cloak)
rCorr    .         Harm     .   (no gloves)
MR       .....                  (no boots)
Stlth    +.........             (no amulet)
Regen    0.2/turn               s - +3 ring of protection
MPRegen  0.1/turn               (no ring)

@: no status effects
A: change form in water, swift swim, stealthy swim
a: no special abilities


You were on level 3 of the Dungeon.
You were not hungry.

You visited 1 branch of the dungeon, and saw 4 of its levels.

You collected 167 gold pieces.

Inventory:

Hand Weapons
 a - a +0 long sword (weapon)
Missiles
 f - 3 throwing nets (quivered)
Armour
 c - a +0 helmet (worn)
 n - a +0 ring mail of poison resistance (worn)
Jewellery
 s - a +3 ring of protection (left hand)
Scrolls
 g - 3 scrolls of blinking
 j - 2 scrolls of remove curse {@r2}
 l - 4 scrolls of identify {@r1}
 q - a scroll of teleportation
 t - a scroll of fear
 w - 3 scrolls of magic mapping {unknown}
Potions
 b - 2 potions of might {unknown}
 i - a potion of degeneration {unknown}
 m - a potion of mutation {unknown}
 o - a potion of curing {unknown}
 p - a potion of lignification {unknown}
 r - 2 potions of brilliance {unknown}
 u - 3 potions of berserk rage {unknown}
 v - a potion of ambrosia {unknown}
Comestibles
 d - 3 bread rations
 e - a meat ration
 h - 8 chunks of flesh


   Skills:
 + Level 4.1 Fighting
 + Level 4.6 Long Blades
 + Level 3.3 Throwing
 + Level 5.5 Dodging


You had 5 spell levels left.
You didn't know any spells.

Dungeon Overview and Level Annotations

Branches:
Dungeon (4/15)
 Temple: D:4-7

Altars:
Cheibriados
Elyvilon

Shops:
D:4 %

Annotations:
D:4 Blork the orc


Message History

The orc warrior freezes you. The orc misses you.
The orc priest hits you but does no damage.
You climb upwards.
There is a stone staircase leading down here.
You completely miss the orc priest. The giant cockroach barely misses you.
You riposte.
You hit the giant cockroach but do no damage.
The orc hits you but does no damage.
The orc priest invokes the aid of Beogh against you.
Pain shoots through your body!
The giant cockroach bites you but does no damage.
The orc warrior hits you with a battleaxe of freezing!
* * * LOW HITPOINT WARNING * * *
The orc warrior freezes you.
* * * LOW HITPOINT WARNING * * *
You hit the orc priest. The orc closely misses you.
The giant cockroach bites you but does no damage.
The orc priest hits you but does no damage.
The giant cockroach closely misses you. The orc priest hits you.
You die...

########## #.# #######........#
#.## #..............# #..###
#..............# ##...####
#..............# ###..#.)
#............(.# #.#...#
#......).......# #.....#
#........<.....# #".#..#
##.####..o@....######.###.. #..#
#..soo..........####. #.##
#..................## #.#
#####.##.....#...#.##
#######.#######......####..#.....
#.................#######.####.##
#.........######.## #..........
#.........# #.# #....######
#.........# #.######..### ##


You could see an orc warrior, an orc priest, an orc and a giant cockroach.

Vanquished Creatures
  The ghost of Monsterracer the Chopper, an amateur MiBe of Trog (D:3)
  4 gnolls
  5 adders
  An ooze (D:1)
  3 worms
  A dart slug (D:1)
  2 leopard geckos
  4 orcs (D:3)
  2 giant cockroaches (D:1)
  11 goblins
  5 hobgoblins
  4 jackals
  5 kobolds
  A ball python (D:3)
  9 bats
  4 frilled lizards
  A rat (D:3)
63 creatures vanquished.

Notes
Turn   | Place    | Note
-------+----------+-------------------------------------------
     0 | D:1      | kuniqs the Merfolk Gladiator began the quest for the Orb.
     0 | D:1      | Reached XP level 1. HP: 16/16 MP: 1/1
    71 | D:1      | Reached XP level 2. HP: 23/23 MP: 2/2
   292 | D:1      | Reached XP level 3. HP: 18/28 MP: 3/3
   699 | D:1      | Found a snail-covered altar of Cheibriados.
  1150 | D:2      | Found a white marble altar of Elyvilon.
  1210 | D:2      | Reached XP level 4. HP: 33/35 MP: 4/4
  1633 | D:3      | Reached skill level 5 in Dodging
  1685 | D:3      | Reached XP level 5. HP: 29/41 MP: 5/5
  1724 | D:3      | Noticed Monsterracer's ghost (amateur MiBe)
  1738 | D:3      | Killed Monsterracer's ghost
  2190 | D:3      | Reached XP level 6. HP: 48/48 MP: 6/6
  2339 | D:4      | Noticed Blork the orc
  2340 | D:4      | Found Adeadid's Food Boutique.
  2378 | D:4      | Noticed an orc warrior
  2383 | D:3      | Slain by an orc priest

Vault maps used:
D:1:      dpeg_arrival_tiny_j, hangedman_decor_growths, cheibriados_altar_1
D:2:      minmay_wonky_spiral, elyvilon_altar_1
D:3:      first_bread, glass_columns_a, saegor_snake_ambush
D:4:      serial_shops, shop_statue, shop_fountains, shop, nicolae_shop_crystal,
          uniq_blork_the_orc

Skill      XL: |  1  2  3  4  5  6 |
---------------+-------------------+-----
Fighting       | 3 4 |  4.1
Dodging        | 5 |  5.5
Long Blades    | 4 |  4.6
Throwing       | 3 |  3.3

Action                   |  1- 3 |  4- 6 || total
-------------------------+-------+-------++-------
Melee: Long sword        |   100 |    94 ||   194
  Use: Scroll            |       |     7 ||     7
  Eat: Chunk             |     1 |     4 ||     5
Armor: Leather armour    |     8 |       ||     8
       Ring mail         |    24 |    34 ||    58
Dodge: Dodged            |    97 |    67 ||   164
       Rpst.: Long sword |    29 |    26 ||    55
